 Dungeon Crawl Stone Soup version 0.28-a0-422-gd71735cc25 (webtiles) character file.

Game seed: 16931955752720862843

1271 frimble the Sneak (level 8, -17/54 HPs)
             Began as an Octopode Venom Mage on Sept 9, 2021.
             Demolished by a gargoyle (21 damage)
             ... on level 6 of the Dungeon.
             The game lasted 00:13:56 (8981 turns).

frimble the Sneak (Octopode Venom Mage)             Turns: 8981, Time: 00:13:57

Health: -17/54     AC:  1    Str:  7    XL:     8   Next: 53%
Magic:  8/11       EV: 13    Int: 20    God:
Gold:   379        SH:  0    Dex: 12    Spells: 3/11 levels left

rFire   . . .      SeeInvis .   a - +0 quick blade
rCold   . . .      Faith    .   (no shield)
rNeg    . . .      Spirit   .   (helmet restricted)
rPois   .          Reflect  .   (no amulet)
rElec   .          Harm     .   (no ring)
rCorr   .          Rampage  .   (no ring)
Will    .....                   (no ring)
Stlth   +++++.....              (no ring)
HPRegen 0.18/turn               (no ring)
MPRegen 0.12/turn               (no ring)
                                (no ring)
                                (no ring)

@: about to teleport, flying
A: almost no armour, amphibious, 8 rings, camouflage 1, gelatinous body 1,
(nimble swimmer 1), tentacles
a: no special abilities


You were on level 6 of the Dungeon.
You visited 1 branch of the dungeon, and saw 6 of its levels.

You collected 379 gold pieces.

Inventory:

Hand Weapons
 a - a +0 quick blade (weapon)
 b - a +0 dagger
Missiles
 g - 2 javelins (quivered)
 n - 10 poisoned darts
Magical Staves
 d - a staff of poison
Jewellery
 p - a ring of willpower
Scrolls
 l - a scroll of holy word
 o - a scroll of enchant armour
Potions
 h - a potion of magic
 i - a potion of attraction
 j - 3 potions of curing


   Skills:
 - Level 4.2 Fighting
 + Level 2.2 Short Blades
 + Level 2.1 Staves
 - Level 1.3 Throwing
 - Level 2.0 Dodging
 + Level 7.9 Stealth
 - Level 2.0 Spellcasting
 - Level 3.0 Transmutations
 + Level 7.3 Poison Magic


You had 3 spell levels left.
You knew the following spells:

 Your Spells              Type           Power      Damage    Failure   Level
a - Sting                 Tmut/Pois      88%        1d7       1%          1
b - Mephitic Cloud        Conj/Pois/Air  11%        N/A       17%         3
c - Olgreb's Toxic Radia  Pois           31%        N/A       8%          4

Your spell library contained the following spells:

 Spells                   Type           Power      Damage    Failure   Level
 Poisonous Vapours        Pois/Air       32%        N/A       5%          2
 Ozocubu's Armour         Ice            2%         N/A       43%         3
 Portal Projectile        Hex/Tloc       4%         N/A       43%         3
 Blade Hands              Tmut           7%         N/A       77%         5
 Excruciating Wounds      Necr           1%         N/A       99%         5
 Metabolic Englaciation   Hex/Ice        1%         N/A       99%         5
 Simulacrum               Ice/Necr       1%         N/A       100%        6


Dungeon Overview and Level Annotations

Branches:
Dungeon (6/15)             Temple (0/1) D:6

Altars:
Cheibriados
Ru
Zin

Annotations:
D:2 Natasha
D:3 exclusion: ice beast
D:5 exclusion: water moccasin
D:6 5 runed translucent doors, exclusion: gargoyle


Innate Abilities, Weirdness & Mutations

You cannot wear most types of armour.
You are amphibious.
You can wear up to eight rings at the same time.
Your skin changes colour to match your surroundings (Stealth+).
Your rubbery body absorbs attacks. (AC +1, EV +1)
((You are camouflaged near water. (Stealth+)))
You have tentacles for arms and can constrict up to eight enemies at once.


Message History

You hit the gargoyle but do no damage.
The gargoyle is moderately damaged.
You hit the gargoyle but do no damage.
The gargoyle is moderately damaged.
You hit the gargoyle but do no damage.
The gargoyle is moderately damaged.
You hit the gargoyle but do no damage.
The gargoyle is moderately damaged.
You hit the gargoyle but do no damage.
The gargoyle is moderately damaged.
The gargoyle struggles against the net.
Unknown command.
You feel much better.
Your transformation is almost over.
The gargoyle struggles against the net.
You hit the gargoyle but do no damage.
The gargoyle is moderately damaged.
The gargoyle struggles against the net.
The net rips apart, and the gargoyle comes free!
You hit the gargoyle but do no damage.
The gargoyle is moderately damaged.
Okay, then.
Unknown command.
It was a potion of cancellation.
Your magical effects are unravelling.
You feel magically purged.
Your magical contamination has completely faded away.
You feel less wooden.
You flicker back into view.
The gargoyle hits you with a +0 morningstar!
It was a potion of flight.
You feel very buoyant.
You fly up into the air.
The gargoyle hurls a stone arrow at you.
The stone arrow hits you!!
Ouch! That really hurt!
* * * LOW HITPOINT WARNING * * *
As you read the scroll of teleportation, it crumbles to dust.
You feel strangely unstable.
The gargoyle hits you with a +0 morningstar!!
You die...

.............##........#
[.#...........#........#
###..###......#.........
#....# ##...............
....# ###...............
.... ....#..#.......# .
. ##.....####...^#.##
#.......#..9..P.P#
.....##..#.@..##.##
....#.......)P#...#
...###..........>.[
###..........P#...#
#...........##.##
#............P.P#
###....(.........
#............#
#....(........


You could see a gargoyle.

Vanquished Creatures
  A black bear (D:5)
  3 ogres
  A centaur (D:6)
  A gnoll sergeant (D:6)
  A scorpion (D:5)
  A water moccasin skeleton (D:5)
  A howler monkey (D:6)
  A bullfrog zombie (D:6)
  A gnoll shaman (D:6)
  4 hounds
  3 iguanas
  An orc wizard (D:3)
  A hound zombie (D:5)
  3 hound skeletons
  10 gnolls (D:6)
  7 adders
  A white imp (D:5)
  3 adder skeletons
  2 worms
  3 dart slugs
  8 orcs
  9 endoplasms
  2 giant cockroaches (D:2)
  12 hobgoblins
  4 jackals
  A quokka (D:1)
  10 ball pythons
  5 bats
  A frilled lizard (D:2)
  9 goblins
  7 kobolds
  5 rats
122 creatures vanquished.

Vanquished Creatures (others)
  A hound (D:6)
  A plant (D:6)
2 creatures vanquished.

Grand Total: 124 creatures vanquished

Notes
Turn   | Place    | Note
-------+----------+-------------------------------------------
     0 | D:1      | frimble the Octopode Venom Mage began the quest for the
                  | Orb.
     0 | D:1      | Reached XP level 1. HP: 11/11 MP: 3/3
   427 | D:1      | Reached XP level 2. HP: 6/18 MP: 0/5
   758 | D:1      | You fall into a shaft and drop 1 floor!
  1005 | D:2      | Reached skill level 1 in Fighting
  1005 | D:2      | Reached skill level 1 in Throwing
  1019 | D:2      | Reached XP level 3. HP: 18/23 MP: 1/6
  1392 | D:2      | Noticed Natasha
  1573 | D:3      | Noticed an ice beast
  1637 | D:3      | Found a sacrificial altar of Ru.
  1875 | D:1      | Reached XP level 4. HP: 28/28 MP: 7/7
  3001 | D:2      | Learned a level 3 spell: Mephitic Cloud
  3430 | D:2      | Found a faded altar of an unknown god.
  3869 | D:3      | Found a glowing silver altar of Zin.
  4142 | D:3      | Reached XP level 5. HP: 34/34 MP: 8/8
  5241 | D:4      | Reached skill level 5 in Poison Magic
  5356 | D:4      | Learned a level 4 spell: Olgreb's Toxic Radiance
  5608 | D:4      | Reached skill level 5 in Stealth
  5916 | D:4      | Noticed an ogre
  5949 | D:4      | Killed an ogre
  5950 | D:4      | Reached XP level 6. HP: 39/42 MP: 9/9
  6453 | D:5      | Entered Level 5 of the Dungeon
  6453 | D:5      | Noticed a black bear
  6545 | D:5      | Reached XP level 7. HP: 25/46 MP: 10/10
  7428 | D:5      | Found a snail-covered altar of Cheibriados.
  7846 | D:6      | Noticed a gargoyle
  7943 | D:6      | Found the +9 staff of Olgreb {rPois∞}
  7963 | D:6      | Found a runed translucent door.
  7968 | D:6      | Found a runed translucent gate.
  7968 | D:6      | Found a runed translucent gate.
  7968 | D:6      | Noticed a redback
  7969 | D:6      | Found a runed translucent door.
  7981 | D:6      | Found a runed translucent gate.
  8026 | D:6      | Reached XP level 8. HP: 54/54 MP: 7/11
  8402 | D:6      | Reached skill level 1 in Short Blades
  8567 | D:6      | Reached skill level 1 in Staves
  8914 | D:6      | Found a staircase to the Ecumenical Temple.
  8981 | D:6      | Demolished by a gargoyle

Illustrated notes

Levels and vault maps discovered:
D:1:      ebering_hopf_link, layout_basic
D:2:      minmay_alternating_diamond, layout_basic,
          hellmonk_ecumenical_altar_blasted, minmay_hexomino_p4, uniq_natasha
D:3:      layout_basic, amcnicky_altar_gilded, nicolae_ru_awakened_eye,
          kennysheep_generic_room_3
D:4:      layout_gridville
D:5:      lemuel_ice_spiral_2, layout_rooms, lemuel_tele_altar
D:6:      layout_cave_pools, old_standard_altar,
          minmay_temple_entry_gardened_gates, serial_gnoll_camp,
          gnoll_camp_mini_hut, gnoll_camp_mini_hut, gnoll_camp_mini_house,
          gnoll_camp_medium_02, gnoll_camp_mini_basic,
          minmay_guarded_unrand_staff_of_olgreb

Skill      XL: |  1  2  3  4  5  6  7  8 |
---------------+-------------------------+-----
Stealth        | 3 4 5 6 7 |  7.9
Fighting       | 1 2 3 4 |  4.2
Throwing       | 1 |  1.3
Poison Magic   | 4 5 6 7 |  7.3
Transmutations | 2 3 |  3.0
Short Blades   | 2 |  2.2
Staves         | 2 |  2.1
Dodging        | |  2.0
Spellcasting   | |  2.0

Action                   |  1- 3 |  4- 6 |  7- 9 || total
-------------------------+-------+-------+-------++-------
Melee: Unarmed           |    58 |    43 |       ||   101
       Constrict         |    12 |    25 |    11 ||    48
       Tentacles         |     2 |    18 |     7 ||    27
       Dagger            |       |    17 |       ||    17
       Staff             |       |    62 |    27 ||    89
       Quick blade       |       |       |    52 ||    52
Throw: Dart              |     4 |     8 |    29 ||    41
       Throwing net      |       |       |     2 ||     2
 Cast: Sting             |    39 |    52 |    48 ||   139
       Olgreb's Toxic Ra |       |     1 |     9 ||    10
  Use: Scroll            |     3 |     6 |     5 ||    14
       Potion            |     2 |       |     7 ||     9
 Stab: Sleeping          |     7 |    13 |     2 ||    22
       Held in net/web   |       |       |     4 ||     4
Armor: Skin              |     3 |    14 |    19 ||    36
Dodge: Dodged            |    49 |   107 |    61 ||   217

Table legend: (Time is in decaauts)
 A = Elapsed time spent in this place.
 B = Non-inter-level travel time spent in this place.
 C = Inter-level travel time spent in this place.
 D = Time resting spent in this place.
 E = Time spent auto-exploring this place.
 F = Levels seen in this place.
 G = Mean time per level.
                   A        B        C        D        E       F      G
               +--------+--------+--------+--------+--------+-----+--------+
         Total |   8977 |   8776 |    201 |    249 |   7217 |   6 | 1496.2 |
       Dungeon |   8977 |   8776 |    201 |    249 |   7217 |   6 | 1496.2 |
               +--------+--------+--------+--------+--------+-----+--------+

Top non-repeatable levels by time:
     D:1: 1896 daAuts
     D:3: 1796 daAuts
     D:2: 1699 daAuts
     D:5: 1317 daAuts
     D:4: 1149 daAuts
     D:6: 1118 daAuts
